 Dungeon Crawl Stone Soup version 0.30-a0-243-gaa749bd8e4 (webtiles) character file.

Game seed: 11406119824403316010

236 Essalna the Cudgeller (level 5, -11/47 HPs)
             Began as an Armataur Reaver on Oct 12, 2022.
             Mangled by an ogre
             ... wielding a +0 giant club
              (12 damage)
             ... on level 4 of the Dungeon.
             The game lasted 00:06:11 (2876 turns).

Essalna the Cudgeller (Armataur Reaver)             Turns: 2876, Time: 00:06:12

Health: -11/47     AC:  9    Str: 25    XL:     5   Next: 77%
Magic:  7/7        EV:  6    Int: 14    God:
Gold:   156        SH:  0    Dex:  8    Spells: 6/7 levels left

rFire   . . .      SeeInvis .    l - +0 great mace (elec)
rCold   . . .      Faith    .    (shield currently unavailable)
rNeg    + + +      Spirit   .    d - +0 chain mail
rPois   .          Reflect  .    (no helmet)
rElec   +          Harm     .    (no cloak)
rCorr   .          Roll     +    k - +0 pair of gloves
Will    .....                    (no barding)
Stlth   ..........               (no amulet)
HPRegen 0.27/turn                e - ring of Obarheass {rElec rN+++ Will- Str+6}
MPRegen 0.10/turn                (no ring)

@: no status effects
A: large, rugged brown scales 3, deformed body, armoured tail, roll, long
tongue, awkward tongue
a: no special abilities


You were on level 4 of the Dungeon.
You visited 1 branch of the dungeon, and saw 4 of its levels.

You collected 156 gold pieces.

Inventory:

Hand Weapons
 a - a +0 mace
 l - a +0 great mace of electrocution (weapon)
Armour
 b - a +0 leather armour
 d - a +0 chain mail (worn)
 k - a +0 pair of gloves (worn)
Jewellery
 e - the ring of Obarheass (left hand) {rElec rN+++ Will- Str+6}
   (You acquired it on level 2 of the Dungeon)

   [ring of strength]

   Str:       It affects your strength (+6).
   rElec:     It insulates you from electricity.
   rN:        It renders you almost immune to negative energy.
   Will:      It decreases your willpower.
 p - a ring of poison resistance
Scrolls
 h - a scroll of noise {unknown}
 t - a scroll of poison {unknown}
 u - a scroll of amnesia {unknown}
 v - a scroll of identify
 w - a scroll of teleportation
 x - a scroll of enchant weapon {unknown}
Potions
 c - 2 potions of heal wounds
 f - a potion of might {unknown}
 g - 3 potions of brilliance {unknown}
 j - a potion of lignification {unknown}
 m - a potion of flight {unknown}
 n - 2 potions of curing {unknown}
 o - 2 potions of mutation {unknown}
 q - 2 potions of resistance {unknown}
 r - a potion of degeneration {unknown}


   Skills:
 + Level 2.9 Fighting
 + Level 3.6 Maces & Flails
 + Level 2.7 Armour
 - Level 1.3 Dodging
 - Level 1.7 Spellcasting
 + Level 3.5 Conjurations
 + Level 1.8 Necromancy


You had 6 spell levels left.
You knew the following spells:

 Your Spells              Type           Power      Damage    Failure   Level
a - Kiss of Death         Conj/Necr      32%        2d7       50%         1

Your spell library contained the following spells:

 Spells                   Type           Power      Damage    Failure   Level
 Momentum Strike          Conj/Tloc      12%        3d8       77%         2
 Slow                     Hex            4%         N/A       86%         1
 Summon Small Mammal      Summ           4%         N/A       86%         1
 Hailstorm                Conj/Ice       6%         3d4       94%         3
 Vampiric Draining        Necr           6%         2d6       94%         3
 Call Canine Familiar     Summ           1%         N/A       99%         3
 Confusing Touch          Hex            1%         N/A       99%         3
 Summon Guardian Golem    Hex/Summ       1%         N/A       99%         3
 Chain Lightning          Conj/Air       3%         3d4       100%        9
 Fire Storm               Conj/Fire      3%         8d1       100%        9
 Shatter                  Erth           0%         3d5*      100%        9


Dungeon Overview and Level Annotations

Branches:
Dungeon (4/15)
 Temple: D:4-7

Altars:
Kikubaaqudgha

Annotations:
D:3 2 transporters
D:4 3 runed translucent doors, dupek999's ghost, amateur MeMo


Innate Abilities, Weirdness & Mutations

You are completely covered in rugged brown scales. (AC +3, +7% HP)
Armour fits poorly on your strangely shaped body.
You have a long armoured tail.
You roll when moving toward enemies. (Rampage)
Your long tongue fully drains potion bottles. (2x potion effects)
Your tongue gives you trouble enunciating. (1.5x scroll delay)


Message History

You barely miss the hobgoblin.
The hobgoblin is severely wounded.
The hobgoblin barely misses you.
You closely miss the hobgoblin.
Your tail-slap misses the hobgoblin.
The hobgoblin is severely wounded.
The hobgoblin closely misses you.
The hobgoblin hits you but does no damage.
You bludgeon the hobgoblin!!
You kill the hobgoblin!
No target in view!
Found a mace.
You see here a +0 mace.
An ogre is nearby!
The ogre shouts!
You hear a shout!
You roll towards the ogre!
Found a club.
A kobold comes into view. It is wielding a +0 short sword.
The goblin shouts!
You hear a bark!
The ogre hits you with a +0 giant club!
The kobold moves out of view.
You hear a bark!
You hit the ogre.
The ogre is lightly wounded.
The ogre hits you with a +0 giant club! The goblin hits you but does no damage.
You hit the ogre but do no damage.
The ogre is lightly wounded.
A hound comes into view.
The goblin hits you but does no damage. The ogre hits you with a +0 giant club!
* * * LOW HITPOINT WARNING * * *
You barely miss the ogre.
The ogre is lightly wounded.
The goblin hits you but does no damage. The ogre barely misses you.
The goblin hits you with a +0 mace.
* * * LOW HITPOINT WARNING * * *
You barely miss the ogre.
The ogre is lightly wounded.
The goblin barely misses you. The ogre hits you with a +0 giant club!
* * * LOW HITPOINT WARNING * * *
As you read the scroll of summoning, it crumbles to dust.
Wisps of shadow whirl around you... The goblin hits you but does no damage.
The ogre hits you with a +0 giant club!
You die...

..... . .. ##r....#.#
...### #. .....##.# ####
.## ...... ..# .. #.#
... .# #.# ..).
...#########.# .....
#...........#####hr....
####..#####..K.@OJ.....
######.#####..g.ng......
#.....).................
#.###########....#######
..†...... #....#
######### ....... #
#########


You could see an ogre (ally target), a hound, a jelly, a quokka, a goblin (ally
target), a friendly necrophage (summoned), a friendly goblin (summoned) and a
friendly kobold (summoned).

Vanquished Creatures
  Pargi (D:3)
  A hound (D:4)
  An iguana (D:4)
  An adder (D:2)
  An ufetubus (D:4)
  A worm (D:2)
  2 dart slugs (D:1)
  5 orcs (D:3)
  2 endoplasms
  5 giant cockroaches
  2 goblins
  10 hobgoblins
  6 jackals
  3 quokkas
  5 ball pythons
  2 bats
  3 frilled lizards (D:1)
  5 kobolds
  4 rats
60 creatures vanquished.

Notes
Turn   | Place    | Note
-------+----------+-------------------------------------------
     0 | D:1      | Essalna the Armataur Reaver began the quest for the Orb.
     0 | D:1      | Reached XP level 1. HP: 18/18 MP: 3/3
   158 | D:1      | Reached XP level 2. HP: 23/25 MP: 4/4
   286 | D:1      | Reached skill level 1 in Armour
   611 | D:1      | Reached XP level 3. HP: 28/31 MP: 5/5
   713 | D:2      | Found an ancient bone altar of Kikubaaqudgha.
  1036 | D:2      | Reached skill level 1 in Necromancy
  1072 | D:2      | Identified a scroll of acquirement
  1072 | D:2      | Acquired the ring of Obarheass {rElec rN+++ Will- Str+6}
  1910 | D:3      | Reached XP level 4. HP: 38/39 MP: 6/6
  1940 | D:3      | Noticed Pargi
  1946 | D:3      | Killed Pargi
  1947 | D:3      | Reached XP level 5. HP: 44/44 MP: 7/7
  2076 | D:3      | Found a transporter.
  2196 | D:3      | Found a transporter.
  2416 | D:4      | Found a runed translucent gate.
  2416 | D:4      | Found a runed translucent gate.
  2417 | D:4      | Found a runed translucent gate.
  2417 | D:4      | Noticed dupek999's ghost (amateur MeMo)
  2574 | D:4      | Noticed an ogre
  2875 | D:4      | HP: 1/47 [ogre/+0 giant club (11)]
  2876 | D:4      | Mangled by an ogre

Illustrated notes

Levels and vault maps discovered:
D:1:      scummos_arrival_simple_crosswalls, layout_loops_ring,
          chequers_hall_statues_wall_a
D:2:      cheibrodos_helix_gallery, layout_basic, basic_altar
D:3:      gammafunk_wand_slinger, layout_basic, uniq_pargi
D:4:      layout_rooms, gammafunk_ghost_split, cheibrodos_gnoll_hut

Skill      XL: |  1  2  3  4 |
---------------+-------------+-----
Fighting       | 2 |  2.9
Armour         | 1 2 |  2.7
Maces & Flails | 3 |  3.6
Conjurations   | 3 |  3.5
Necromancy     | 1 |  1.8
Dodging        | |  1.3
Spellcasting   | |  1.7

Action                   |  1- 3 |  4- 6 || total
-------------------------+-------+-------++-------
Melee: Mace              |    78 |       ||    78
       Tailslap          |     5 |     3 ||     8
       Great mace        |    51 |    37 ||    88
  Use: Scroll            |     7 |     2 ||     9
Armor: Chain mail        |   105 |    27 ||   132
Dodge: Dodged            |    44 |    14 ||    58

Table legend: (Time is in decaauts)
 A = Elapsed time spent in this place.
 B = Non-inter-level travel time spent in this place.
 C = Inter-level travel time spent in this place.
 D = Time resting spent in this place.
 E = Time spent auto-exploring this place.
 F = Levels seen in this place.
 G = Mean time per level.
                   A        B        C        D        E       F      G
               +--------+--------+--------+--------+--------+-----+--------+
         Total |   2946 |   2806 |    140 |    108 |   2179 |   4 |  736.5 |
       Dungeon |   2946 |   2806 |    140 |    108 |   2179 |   4 |  736.5 |
               +--------+--------+--------+--------+--------+-----+--------+

Top non-repeatable levels by time:
     D:2: 985 daAuts
     D:3: 931 daAuts
     D:1: 730 daAuts
     D:4: 299 daAuts
